 Dungeon Crawl Stone Soup version 0.19-a0-1007-g133f65f (webtiles) character file.

236 mistymad the Conjurer (level 5, -15/38 HPs)
             Began as a Draconian Conjurer on July 21, 2016.
             Shot with an arrow by a centaur (16 damage)
             ... on level 4 of the Dungeon.
             The game lasted 00:09:09 (3380 turns).

mistymad the Conjurer (Draconian Conjurer)          Turns: 3380, Time: 00:09:10

Health: -15/38     AC:  5    Str: 10    XL:     5   Next: 77%
Magic:  4/11       EV: 12    Int: 16    God:
Gold:   146        SH:  0    Dex: 12    Spells: 3 memorised, 5 levels left

rFire  . . .     SeeInvis .     v - +0 dagger (venom)
rCold  . . .     Gourm    .     (armour unavailable)
rNeg   . . .     Faith    .     (no shield)
rPois  .         Spirit   .     (helmet restricted)
rElec  .         Dismiss  .     (no cloak)
rCorr  .         Reflect  .     (no gloves)
SustAt .         Harm     .     (no boots)
MR     .....                    (no amulet)
Stlth  ++........               (no ring)
                                (no ring)

@: not resistant to hostile enchantments, unstealthy
A: unfitting armour, cold-blooded, AC +5
a: no special abilities


You were on level 4 of the Dungeon.
You were not hungry.

You visited 1 branch of the dungeon, and saw 4 of its levels.

You collected 146 gold pieces.

Inventory:

Hand Weapons
 v - a +0 dagger of venom (weapon)
Armour
 q - a +0 buckler
Scrolls
 c - a scroll of fear {unknown}
 d - 2 scrolls of fog {unknown}
 f - a scroll of enchant weapon {unknown}
 j - 2 scrolls of recharging {unknown}
 m - a scroll of noise {unknown}
 p - a scroll of teleportation {unknown}
 s - a scroll of identify {unknown}
Potions
 e - 4 potions of flight {unknown}
 i - 2 potions of heal wounds {unknown}
 l - a potion of curing {unknown}
 o - a potion of cure mutation {unknown}
 r - a potion of mutation {unknown}
 t - a potion of ambrosia {unknown}
 u - a potion of magic {unknown}
Books
 a - a book of Conjurations

   Spells                             Type                      Level
   a - Magic Dart                     Conjuration                  1
   b - Searing Ray                    Conjuration                  2
   c - Dazzling Spray                 Conjuration/Hexes            3
   d - Fulminant Prism                Conjuration/Hexes            4
   e - Iskenderun's Mystic Blast      Conjuration                  4
   f - Iskenderun's Battlesphere      Conjuration/Charms           5
Comestibles
 b - a bread ration
 g - 2 meat rations
 h - 5 fruits
 k - a slice of pizza
 n - 4 chunks of flesh


   Skills:
 - Level 2.2 Dodging
 - Level 2.4 Stealth
 + Level 4.1 Spellcasting
 + Level 5.3 Conjurations


You had 5 spell levels left.
You knew the following spells:

 Your Spells              Type           Power        Failure   Level  Hunger
a - Magic Dart            Conj           ###.         1%          1    None
b - Searing Ray           Conj           ###...       3%          2    ##.....
c - Iskenderun's Mystic   Conj           ###.....     21%         4    ####...


Dungeon Overview and Level Annotations

Branches:
Dungeon (4/15)
 Temple: D:4-7

Altars:
Fedhas
Uskayaw


Innate Abilities, Weirdness & Mutations

Your plain brown scales are hard. (AC +5)
Your body does not fit into most forms of armour.
You are cold-blooded and may be slowed by cold attacks.


Message History

The centaur shoots an arrow.
The arrow hits you!
The worker ant falls through a shaft!
The shaft crumbles and collapses.
You take 8 damage, and have 19/38 hp.
MASSIVE DAMAGE!!
You now have 8/11 mp.
The searing ray misses the centaur.
The centaur shoots an arrow.
The arrow hits you!
You take 7 damage, and have 12/38 hp.
You now have 7/11 mp.
The searing ray hits the centaur.
The centaur is almost dead.
You finish channeling your searing ray.
The centaur shoots an arrow.
The arrow hits you!
* * * LOW HITPOINT WARNING * * *
You take 11 damage, and have 1/38 hp.
MASSIVE DAMAGE!!
You now have 6/11 mp.
Casting: Searing Ray
Confirm with . or Enter, or press ? or * to list all spells.
Aiming: Searing Ray
Press: ? - help, Shift-Dir - straight line, f/p - centaur
Aim: a centaur, wielding a shortbow (almost dead)
The searing ray misses the centaur.
The centaur shoots an arrow.
The arrow hits you!
You die...

#.##+####
###........
.###.....## ### #
.##.......## ##.#c#
(..........####(@..#
.+.........'(.(....#
...........####....#
.##.......## ##.#.#
.###.....## ###(# ##
##...## .# ##+## . .


You could see a centaur.

Vanquished Creatures
  Natasha (thrice) (D:2)
  6 adders
  2 oozes (D:1)
  2 worms (D:2)
  6 dart slugs
  2 giant geckos (D:2)
  5 orcs (D:3)
  7 bats
  3 giant cockroaches
  12 goblins
  5 hobgoblins
  4 jackals (D:3)
  A ball python (D:2)
  4 giant newts (D:1)
  8 kobolds
  9 rats
79 creatures vanquished.

Notes
Turn   | Place    | Note
-------+----------+-------------------------------------------
     0 | D:1      | mistymad the Draconian Conjurer began the quest for the Orb.
     0 | D:1      | Reached XP level 1. HP: 14/14 MP: 3/3
   177 | D:1      | Reached XP level 2. HP: 15/20 MP: 0/5
   749 | D:1      | Reached XP level 3. HP: 19/26 MP: 0/6
  1190 | D:1      | Learned a level 2 spell: Searing Ray
  1333 | D:2      | Noticed Natasha
  1342 | D:2      | Killed Natasha
  1342 | D:2      | Reached XP level 4. HP: 30/33 MP: 1/8
  1394 | D:2      | Noticed Natasha
  1407 | D:2      | Killed Natasha
  1549 | D:2      | Found a hide-covered altar of Uskayaw.
  1677 | D:2      | Found a blossoming altar of Fedhas.
  1823 | D:2      | Noticed Natasha
  1837 | D:2      | Killed Natasha
  1837 | D:2      | Reached skill level 5 in Conjurations
  1837 | D:2      | Reached XP level 5. HP: 19/38 MP: 4/10
  2141 | D:2      | Learned a level 4 spell: Iskenderun's Mystic Blast
  3370 | D:4      | Noticed a centaur
  3379 | D:4      | HP: 1/38 [centaur/arrow (11)]
  3380 | D:4      | Shot with an arrow by a centaur

Vault maps used:
D:1:      kennysheep_arrival_forest, serial_park_tiny_pond,
          grunt_decor_resistance
D:2:      lemuel_round_altar, fedhas_altar_2, uniq_natasha
D:3:      minmay_fountain_box
D:4:      kennysheep_mini_moat, kennysheep_generic_room_3

Skill      XL: |  1  2  3  4  5 |
---------------+----------------+-----
Dodging        | 2 |  2.2
Stealth        | 2 |  2.4
Spellcasting   | 3 4 |  4.1
Conjurations   | 5 |  5.3

Action                   |  1- 3 |  4- 6 || total
-------------------------+-------+-------++-------
Melee: Unarmed           |    46 |    41 ||    87
       Tailslap          |     2 |     7 ||     9
       Dagger            |       |    12 ||    12
 Cast: Magic Dart        |    42 |    27 ||    69
       Searing Ray       |     4 |    18 ||    22
       Iskenderun's Myst |       |     2 ||     2
 Stab: Sleeping          |       |     1 ||     1
  Eat: Chunk             |     2 |     8 ||    10
Armor: Skin              |    17 |    36 ||    53
Dodge: Dodged            |    39 |    64 ||   103
